 Dungeon Crawl Stone Soup version 0.30-a0-840-ga523dec638 (webtiles) character file.

Game seed: 9510436199226373187

415 jessy the Covered (level 7, -4/54 HPs)
             Began as a Human Berserker on Mar 1, 2023.
             Was a Believer of Trog.
             Slain by an ice beast (21 damage)
             ... on level 5 of the Dungeon.
             The game lasted 00:14:37 (3792 turns).

jessy the Covered (Human Berserker)                 Turns: 3792, Time: 00:14:37

Health: -4/54      AC:  7    Str: 19    XL:     7   Next: 15%
Magic:  2/2        EV: 11    Int:  7    God:    Trog [**....]
Gold:   249        SH:  0    Dex: 13    Spells: 6/6 levels left

rFire   . . .      SeeInvis .    F - +0 flail (antimagic)
rCold   x . .      Faith    .    (no shield)
rNeg    . . .      Spirit   .    o - +2 ring mail {Will+}
rPois   .          Reflect  .    (no helmet)
rElec   .          Harm     .    (no cloak)
rCorr   .          Rampage  .    (no gloves)
Will    +....                    A - +2 pair of boots
Stlth   +                        (no amulet)
HPRegen 0.29/turn                k - +4 ring of slaying
MPRegen 0.08/turn                (no ring)

@: corroded
A: cold vulnerability 1
a: Renounce Religion, Berserk, Trog's Hand


You were on level 5 of the Dungeon.
You worshipped Trog.
Trog was pleased with you.
You visited 1 branch of the dungeon, and saw 5 of its levels.

You collected 249 gold pieces.

Inventory:

Hand Weapons
 a - a +0 hand axe
 e - a +0 short sword
 t - a +0 rapier
 w - the +1 spear of Winter {venom, Contam rN+ Str+4}
   (You found it on level 3 of the Dungeon)

   Str:       It affects your strength (+4).
   rN:        It protects you from negative energy.
   Contam:    It causes magical contamination when unequipped.
 B - a +3 spear
 F - a +0 antimagic flail (weapon)
Missiles
 f - 34 stones
 g - 3 poisoned darts
 s - a throwing net
 x - 3 boomerangs (quivered)
Armour
 b - a +0 animal skin
 c - a +0 ring mail
 n - a +0 scale mail
 o - a +2 ring mail of willpower (worn)
 y - a +0 pair of boots
 A - a +2 pair of boots (worn)
Jewellery
 k - a +4 ring of slaying (left hand)
Wands
 E - a wand of roots (3)
Scrolls
 i - 4 scrolls of identify {unknown}
 j - 2 scrolls of poison {unknown}
 l - a scroll of immolation {unknown}
 q - a scroll of enchant weapon {unknown}
 r - 2 scrolls of teleportation {unknown}
 v - a scroll of torment {unknown}
 C - a scroll of brand weapon {unknown}
 D - a scroll of vulnerability {unknown}
Potions
 d - 4 potions of heal wounds {unknown}
 h - a potion of brilliance {unknown}
 m - a potion of attraction {unknown}
 p - 3 potions of might {unknown}
 u - 2 potions of degeneration {unknown}
 z - a potion of lignification {unknown}


   Skills:
 + Level 4.0 Fighting
 + Level 2.0 Short Blades
 + Level 3.7(4.1) Axes
 + Level 2.6(3.6) Polearms
 + Level 4.1 Armour
 + Level 2.8 Dodging
 + Level 1.1 Stealth


You had 6 spell levels left.
You didn't know any spells.
Your spell library was empty.

Dungeon Overview and Level Annotations

Branches:
Dungeon (5/15)
 Temple: D:4-7

Altars:
Dithmenos
Kikubaaqudgha
Okawaru
Vehumet

Shops:
D:1 (   D:2 :


Innate Abilities, Weirdness & Mutations

You are vulnerable to cold. (rC-)


Message History

Items here: )))) [ †††.
There is a stone staircase leading down here.
Found a leather armour.
A jelly comes into view.
The jelly quivers.
Found 6 gold pieces.
The jelly hits you but does no damage. The jelly hits you but does no damage.
You sock the jelly!
Your hands burn!
The jelly is heavily wounded.
The jelly hits you but does no damage.
You hit the jelly. The acid corrodes you!
Your hands burn!
You punch the jelly.
You kill the jelly!
Trog accepts your kill.
An ice beast comes into view.
The ice beast moves out of view.
You see here 6 gold pieces.
The ice beast hits you but does no damage.
You barely miss the ice beast. The ice beast hits you.
The ice beast freezes you!
You feel a terrible chill!
You hit the ice beast but do no damage. The ice beast hits you.
The ice beast freezes you!
You feel a terrible chill!
You sock the ice beast!
The ice beast is moderately wounded.
The ice beast barely misses you.
You hit the ice beast.
The ice beast is moderately wounded.
The ice beast closely misses you.
The ice beast hits you but does no damage.
You hit the ice beast.
The ice beast is heavily wounded.
The ice beast hits you but does no damage.
You hit the ice beast.
The ice beast is heavily wounded.
The ice beast completely misses you.
You hit the ice beast.
The ice beast is severely wounded.
The ice beast hits you but does no damage.
The ice beast hits you. The ice beast freezes you!!
You feel a terrible chill!
You die...

#... #... +..
##....... #..
#........ #.#
#.....:.. ##.###
#........ #.Y..#
#........
#.@..######......
#$...........###
####...........####
#........##.....
#..[.....######.
#........# ##
#........# #
#........#
###........


You could see an ice beast.

Vanquished Creatures
  A phantom (D:4)
  A bullfrog (D:4)
  A jelly (D:5)
  2 hounds
  An iguana (D:3)
  7 gnolls
  5 adders
  A worm (D:3)
  A dart slug (D:2)
  An orc (D:5)
  4 ball pythons
  4 bats
  3 endoplasms
  3 giant cockroaches
  8 goblins
  4 hobgoblins
  3 jackals (D:1)
  3 quokkas
  2 frilled lizards (D:1)
  2 kobolds
  6 rats
63 creatures vanquished.

Notes
Turn   | Place    | Note
-------+----------+-------------------------------------------
     0 | D:1      | jessy the Human Berserker began the quest for the Orb.
     0 | D:1      | Reached XP level 1. HP: 18/18 MP: 1/1
   198 | D:1      | Reached XP level 2. HP: 24/24 MP: 2/2
   735 | D:1      | Found Plog's Antique Weapon Shop.
   963 | D:2      | Reached XP level 3. HP: 29/29 MP: 3/3
  1124 | D:2      | Found Fuocwip's Book Shoppe.
  1761 | D:3      | Reached XP level 4. HP: 14/35 MP: 4/4
  1952 | D:3      | Found an iron altar of Okawaru.
  1972 | D:3      | Identified the +1 spear of Winter {venom, Contam rN+ Str+4}
  2041 | D:3      | Reached ** piety under Trog
  2046 | D:3      | Reached skill level 1 in Stealth
  2297 | D:3      | You fall into a shaft and drop 1 floor!
  2312 | D:4      | Reached XP level 5. HP: 41/41 MP: 5/5
  2364 | D:4      | Reached skill level 1 in Short Blades
  2389 | D:4      | Noticed a phantom
  2406 | D:4      | Killed a phantom
  2575 | D:4      | Reached skill level 1 in Polearms
  2575 | D:4      | Reached XP level 6. HP: 32/48 MP: 6/6
  2621 | D:4      | Gained mutation: You are vulnerable to cold. (rC-)
                  | [mutagenic glow]
  3429 | D:4      | Found an ancient bone altar of Kikubaaqudgha.
  3429 | D:4      | Found a shadowy altar of Dithmenos.
  3431 | D:4      | Found a radiant altar of Vehumet.
  3542 | D:5      | Entered Level 5 of the Dungeon
  3633 | D:5      | Reached XP level 7. HP: 47/54 MP: 7/7
  3792 | D:5      | Slain by an ice beast

Illustrated notes

Levels and vault maps discovered:
D:1:      lemuel_arrival_rhombus, layout_loops_ring, serial_shops, shop
D:2:      layout_rooms, serial_shops, shop
D:3:      layout_basic, okawaru_ov_weapons_minmay
D:4:      layout_basic, nicolae_overflow_hidden_temple
D:5:      layout_basic, mainiacjoe_overflow_alcove_1, grunt_gozag_statues

Skill      XL: |  1  2  3  4  5  6 |
---------------+-------------------+-----
Stealth        | 1 |  1.1
Armour         | 3 4 |  4.1
Short Blades   | 1 2 |  2.0
Polearms       | 1 2 |  2.6
Fighting       | 4 |  4.0
Axes           | |  3.7
Dodging        | |  2.8

Action                     |  1- 3 |  4- 6 |  7- 9 || total
---------------------------+-------+-------+-------++-------
  Melee: Hand axe          |    79 |       |       ||    79
         Rapier            |    18 |     3 |       ||    21
         Punch             |     1 |       |     1 ||     2
         Spear             |       |    79 |     9 ||    88
         Flail             |       |       |     9 ||     9
 Armour: Ring mail         |    43 |    43 |    11 ||    97
         Animal skin       |     1 |       |       ||     1
         Scale mail        |     1 |       |       ||     1
  Dodge: Dodged            |    74 |    54 |    11 ||   139

Table legend: (Time is in decaauts)
 A = Elapsed time spent in this place.
 B = Non-inter-level travel time spent in this place.
 C = Inter-level travel time spent in this place.
 D = Time resting spent in this place.
 E = Time spent auto-exploring this place.
 F = Levels seen in this place.
 G = Mean time per level.
                   A        B        C        D        E       F      G
               +--------+--------+--------+--------+--------+-----+--------+
         Total |   3803 |   3537 |    266 |    492 |      0 |   5 |  760.6 |
       Dungeon |   3803 |   3537 |    266 |    492 |      0 |   5 |  760.6 |
               +--------+--------+--------+--------+--------+-----+--------+

Top non-repeatable levels by time:
     D:4: 1242 daAuts
     D:1: 1061 daAuts
     D:3: 737 daAuts
     D:2: 512 daAuts
     D:5: 249 daAuts
